 Dungeon Crawl Stone Soup version 0.27-a0-808-g60bc5d92e6 (webtiles) character file.

Game seed: 14056971161464660723

106 rageheart7 the Poker (level 4, -5/38 HPs)
             Began as a Merfolk Monk on Mar 28, 2021.
             Killed from afar by Sigmund (12 damage)
             ... with a puff of flame
             ... on level 3 of the Dungeon.
             The game lasted 00:01:56 (2749 turns).

rageheart7 the Poker (Merfolk Monk)                 Turns: 2749, Time: 00:01:57

Health: -5/38      AC:  2    Str: 12    XL:     4   Next: 84%
Magic:  4/4        EV: 13    Int:  9    God:
Gold:   63         SH:  0    Dex: 16    Spells: 3/3 levels left

rFire    . . .     SeeInvis .   h - +1 whip (venom)
rCold    . . .     Faith    .   (no shield)
rNeg     . . .     Spirit   .   b - +0 robe
rPois    .         Reflect  .   (no helmet)
rElec    .         Harm     .   (no cloak)
rCorr    .         Rampage  .   (no gloves)
Will     .....                  (no boots)
Stlth    +.........             (no amulet)
HPRegen  0.12/turn              (no ring)
MPRegen  0.09/turn              (no ring)

@: confused, brilliant
A: (nimble swimmer 2), mertail
a: no special abilities


You were on level 3 of the Dungeon.
You visited 1 branch of the dungeon, and saw 3 of its levels.

You collected 63 gold pieces.

Inventory:

Hand Weapons
 a - a +0 spear
 h - a +1 whip of venom (weapon)
Missiles
 f - 4 boomerangs (quivered)
Armour
 b - a +0 robe (worn)
Jewellery
 i - an amulet of the acrobat
Wands
 m - a wand of flame (14)
Scrolls
 d - 4 scrolls of identify {unknown}
 e - a scroll of teleportation {unknown}
 k - a scroll of fear {unknown}
 n - a scroll of noise {unknown}
 o - a scroll of enchant weapon {unknown}
Potions
 g - a potion of heal wounds {unknown}
 j - a potion of degeneration {unknown}
 l - 3 potions of curing {unknown}


   Skills:
 * Level 4.8 Fighting
 * Level 6.3 Polearms
 - Level 4.0 Dodging
 - Level 2.1 Stealth


You had 3 spell levels left.
You didn't know any spells.
Your spell library was empty.

Dungeon Overview and Level Annotations

Branches:
Dungeon (3/15)

Altars:
Sif Muna
Trog

Annotations:
D:3 Sigmund


Innate Abilities, Weirdness & Mutations

((You are quick and stealthy near water. (Stealth+, EV+, Speed+++)))
Your lower body shifts to a powerful aquatic tail in water.


Message History

You kill the endoplasm!
The bat misses you. The bat hits you but does no damage.
You hit the bat.
You kill the bat!
No target in view!
You see here a bat corpse.
Found a bloodstained altar of Trog.
No target in view!
There is a bloodstained altar of Trog here.
Things that are here:
a +0 dagger; a +0 animal skin No target in view!
Sigmund the Dreaded comes into view.
He is wielding a +3 scythe of holy wrath.
Sigmund shouts!
Sigmund screams, "Only death can liberate you!"
Sigmund closely misses you.
Sigmund is nearby!
You closely miss Sigmund.
Sigmund hits you with a +3 scythe of holy wrath.
Sigmund hits you with a +3 scythe of holy wrath!
Sigmund is nearby!
You hit Sigmund but do no damage.
Sigmund is poisoned.
Sigmund casts a spell at you. The magic dart hits you.
You hit Sigmund.
Sigmund looks as sick as possible!
Sigmund is lightly wounded.
Sigmund hits you with a +3 scythe of holy wrath!
Sigmund is nearby!
You are too injured to fight recklessly!
You are too injured to fight recklessly!
Sigmund barely misses you. Sigmund casts a spell at you.
You are confused.
Sigmund hits you from afar with a +3 scythe of holy wrath!
* * * LOW HITPOINT WARNING * * *
It was a potion of brilliance.
You feel clever all of a sudden.
Sigmund points at you and mumbles some strange words.
The puff of flame hits you!
You die...

##########
#.........
#.######## ###..#
##.@..# #.._..# ###
#.@..#######.#
####....##......###
................>..#
########.##...†....#
............###...#
#.#########.###...#
#.# #..##...# #.#
##.##...####
#.###### #..#.......


You could see Sigmund (very poisoned).

Vanquished Creatures
  Natasha (twice) (D:2)
  3 worms (D:3)
  A dart slug (D:1)
  11 ball pythons
  3 bats
  3 endoplasms
  A goblin (D:3)
  A hobgoblin (D:1)
  9 jackals
  2 quokkas (D:1)
  A frilled lizard (D:3)
  3 kobolds
  3 rats
43 creatures vanquished.

Notes
Turn   | Place    | Note
-------+----------+-------------------------------------------
     0 | D:1      | rageheart7 the Merfolk Monk began the quest for the Orb.
     0 | D:1      | Reached XP level 1. HP: 18/18 MP: 1/1
   171 | D:1      | Reached XP level 2. HP: 16/24 MP: 2/2
   359 | D:1      | Reached skill level 5 in Polearms
  1054 | D:2      | Reached XP level 3. HP: 30/30 MP: 3/3
  1120 | D:2      | Found a shimmering blue altar of Sif Muna.
  1508 | D:2      | Noticed Natasha
  1514 | D:2      | Killed Natasha
  1701 | D:2      | Noticed Natasha
  1708 | D:2      | Killed Natasha
  1709 | D:2      | Reached skill level 6 in Polearms
  1709 | D:2      | Reached XP level 4. HP: 16/38 MP: 4/4
  2730 | D:3      | Found a bloodstained altar of Trog.
  2737 | D:3      | Noticed Sigmund
  2749 | D:3      | Killed from afar by Sigmund

Illustrated notes

Levels and vault maps discovered:
D:1:      ebering_hopf_link, layout_loops_ring
D:2:      layout_basic, overflow_temple_1_default, minmay_distorted,
          uniq_natasha
D:3:      layout_basic, lemuel_doored_altar, bloody_trog, uniq_sigmund

Skill      XL: |  1  2  3 |
---------------+----------+-----
Polearms       | 5 6 |  6.3
Fighting       | 4 |  4.8
Dodging        | |  4.0
Stealth        | |  2.1

Action                   |  1- 3 |  4- 6 || total
-------------------------+-------+-------++-------
Melee: Spear             |    93 |       ||    93
       Whip              |    20 |    49 ||    69
  Use: Potion            |       |     1 ||     1
 Stab: Sleeping          |     4 |     3 ||     7
Armor: Robe              |    15 |     4 ||    19
Dodge: Dodged            |    73 |    39 ||   112

Table legend: (Time is in decaauts)
 A = Elapsed time spent in this place.
 B = Non-inter-level travel time spent in this place.
 C = Inter-level travel time spent in this place.
 D = Time resting spent in this place.
 E = Time spent auto-exploring this place.
 F = Levels seen in this place.
 G = Mean time per level.
                   A        B        C        D        E       F      G
               +--------+--------+--------+--------+--------+-----+--------+
         Total |   2741 |   2636 |    105 |      0 |   2297 |   3 |  913.7 |
       Dungeon |   2741 |   2636 |    105 |      0 |   2297 |   3 |  913.7 |
               +--------+--------+--------+--------+--------+-----+--------+

Top non-repeatable levels by time:
     D:2: 1145 daAuts
     D:1: 1039 daAuts
     D:3: 556 daAuts
